Map: Tuonela LE

Players

MadDonkey - Winner!

  • Race: Terran Terran
  • League: Master
  • Spawn Location: 5:00

WasBak - Winner!

  • Race: Zerg Zerg
  • League: Platinum
  • Spawn Location: 3:00

Zlayer - Winner!

  • Race: Terran Terran
  • Spawn Location: 5:00

Deny - Winner!

  • Race: Terran Terran
  • League: Master
  • Spawn Location: 6:00

TheJoker

  • Race: Zerg Zerg
  • Spawn Location: 11:00

MaSteR

  • Race: Terran Terran
  • Spawn Location: 12:00

DragonQuest

  • Race: Protoss Protoss
  • Spawn Location: 9:00

Toasted

  • Race: Protoss Protoss
  • League: Diamond
  • Spawn Location: 11:00

VOD

Have the link to the VOD?

Description

Time

  • Played on: Aug. 27, 2026, 4:07 p.m.
  • Length: 11:06
Show
View Real Time Build Order
Export as new Build Order

MadDonkey Terran - Winner!

Build Orders: Banshee Rush 

Get SALT Encoding   

  8  0:00  SCV  
  9  0:12  SCV  
  10  0:24  SCV  
  11  0:29  Supply Depot  
  11  0:36  SCV  
  12  0:48  SCV  
  13  0:50  Refinery  
  13  1:03  SCV  
  14  1:06  Barracks  
  14  1:16  SCV  
  15  1:23  Refinery  
  15  1:28  SCV  
  16  1:54  Factory  
  16  1:56  Orbital Command  
  16  2:01  Barracks Tech Lab  
  17  2:22  SCV  
  17  2:28  Supply Depot  
  17  2:35  SCV  
  18  2:40  Starport  
  18  2:47  SCV  
  19  2:59  SCV  
  20  3:11  SCV  
  21  3:16  Banshee, Cloaking Field  
  24  3:23  SCV  
  25  3:35  SCV  
  25  3:39  Command Center  
  25  3:40  Supply Depot  
  26  3:47  Fusion Core  
  26  3:49  SCV  
  27  4:01  SCV  
  27  4:02  Banshee  
  31  4:13  SCV  
  32  4:18  Supply Depot  
  32  4:28  SCV  
  33  4:40  SCV  
  34  4:47  Battlecruiser  
  34  4:52  SCV  
  41  5:00  Orbital Command  
  41  5:01  Starport  
  41  5:02  Refinery  
  41  5:04  SCV  
  42  5:16  SCV  
  43  5:28  SCV  
  43  5:33  SCV  
  45  5:40  SCV  
  45  5:41  Refinery  
  43  5:44  Starport Tech Lab  
  43  5:45  SCV  
  44  5:52  SCV  
  45  5:57  SCV  
  45  6:02  Starport x2  
  43  6:07  SCV, Command Center  
  43  6:09  SCV  
  45  6:13  Battlecruiser  
  51  6:19  SCV  
  52  6:26  SCV  
  52  6:29  Supply Depot  
  53  6:51  Starport Tech Lab  
  53  6:52  Starport Tech Lab, SCV  
  54  6:57  SCV  
  54  7:00  Starport Reactor  
  49  7:09  Viking, SCV  
  49  7:11  Viking  
  49  7:13  SCV  
  55  7:16  Supply Depot  
  55  7:22  SCV  
  56  7:23  Banshee  
  56  7:26  SCV  
  56  7:28  Refinery  
  56  7:29  Refinery  
  60  7:34  SCV  
  61  7:37  Viking x2  
  61  7:38  SCV  
  61  7:43  Armory  
  66  7:44  Factory Reactor  
  66  7:46  SCV  
  66  7:47  Armory  
  66  7:50  Orbital Command, SCV  
  68  7:56  Viking x2  
  68  7:58  SCV  
  73  8:02  SCV  
  73  8:04  Supply Depot  
  74  8:06  Weapon Refit  
  74  8:10  Viking  
  76  8:13  SCV  
  76  8:15  Viking  
  76  8:17  SCV  
  76  8:18  SCV  
  81  8:22  Supply Depot x2  
  81  8:26  Banshee x2  
  87  8:28  SCV  
  87  8:32  SCV  
  89  8:35  SCV  
  89  8:38  Supply Depot  
  89  8:40  SCV  
  91  8:44  Battlecruiser  
  91  8:47  Terran Ship Weapons Level 1  
  91  8:48  Terran Vehicle And Ship Armor Level 1  
  97  8:50  SCV  
  97  8:52  SCV  
  99  8:56  SCV  
  99  8:57  Viking x2  
  99  9:02  SCV  
  105  9:04  SCV  
  105  9:08  SCV  
  105  9:09  Banshee, Viking  
  112  9:13  Supply Depot x2  
  112  9:14  SCV  
  113  9:27  Viking, Liberator  
  113  9:30  Hellion x2  
  116  9:34  SCV  
  117  9:38  Banshee  
  117  9:39  Factory  
  117  9:40  Factory  
  117  9:45  Command Center  
  120  9:46  SCV  
  120  9:49  Viking  
  120  9:51  SCV  
  120  9:52  Viking  
  126  9:54  Hellion x2  
  126  9:56  SCV  
  131  10:00  Viking, Supply Depot  
  131  10:02  Supply Depot  
  131  10:03  SCV  
  131  10:05  SCV  
  135  10:08  SCV  
  135  10:11  Viking  
  138  10:15  SCV  
  138  10:17  Hellion x2  
  143  10:22  Viking  
  143  10:36  SCV  
  143  10:42  Factory Reactor  
  130  10:44  SCV  
  130  10:48  SCV  
  128  10:53  Factory Reactor  
  100  11:05  Command Center  
Show
View Real Time Build Order
Export as new Build Order

WasBak Zerg - Winner!

Build Orders: Hatch First 

Get SALT Encoding   

  8  0:00  Drone  
  9  0:11  Drone  
  10  0:17  Drone  
  11  0:28  Overlord  
  11  0:34  Drone  
  12  0:49  Drone x2  
  14  0:51  Drone  
  15  1:15  Hatchery  
  15  1:18  Drone  
  15  1:26  Drone  
  15  1:28  Drone  
  17  1:42  Spawning Pool  
  17  1:44  Drone  
  17  1:48  Drone  
  17  1:53  Extractor  
  17  1:58  Drone  
  18  2:02  Drone  
  19  2:11  Overlord  
  19  2:25  Drone  
  20  2:32  Queen x2  
  24  2:43  Drone x2  
  24  2:44  Drone x2  
  28  3:02  Metabolic Boost  
  28  3:09  Hatchery  
  27  3:16  Zergling x2  
  27  3:17  Zergling x4  
  30  3:29  Overlord  
  30  3:32  Zergling x4  
  32  3:43  Evolution Chamber  
  32  3:46  Zergling x2  
  32  3:52  Zergling x14  
  39  4:02  Overlord  
  39  4:04  Overlord  
  39  4:17  Zerg Melee Weapons Level 1  
  39  4:35  Zergling x2  
  39  4:36  Zergling x18  
  47  4:53  Zergling x2  
  47  4:54  Zergling x14  
  29  5:11  Drone  
  29  5:12  Drone x3  
  30  5:15  Drone  
  23  5:36  Drone  
  23  5:46  Drone  
  22  5:54  Drone  
  22  6:07  Drone x2  
  21  6:17  Drone  
  15  6:24  Drone  
  15  6:25  Drone x7  
  20  6:38  Drone  
  20  6:39  Drone x2  
  24  6:40  Drone  
  24  6:49  Queen  
  26  6:58  Queen x2  
  23  7:14  Drone x5  
  23  7:15  Drone  
  29  7:36  Lair  
  29  7:40  Zergling x2  
  29  7:41  Zergling x10  
  35  7:46  Drone x2  
  35  7:48  Drone  
  38  7:53  Drone  
  38  7:54  Drone  
  40  8:10  Drone x2  
  40  8:11  Drone x6  
  48  8:21  Drone x2  
  48  8:22  Drone x4  
  52  8:41  Drone  
  49  8:50  Spore Crawler  
  49  8:51  Zergling x2  
  49  8:52  Zergling x20  
  59  8:56  Overlord x2  
  59  9:02  Overlord  
  59  9:23  Zergling x2  
  59  9:24  Zergling x26  
  73  9:35  Drone x3  
  75  9:49  Hatchery  
  73  10:02  Extractor, Drone x3  
  75  10:07  Overlord x3  
  75  10:12  Hatchery  
  75  10:13  Zergling x2  
  75  10:36  Zergling x2  
  75  10:37  Zergling x32  
  75  10:38  Zergling x6  
  92  10:49  Zergling x6  
Show
View Real Time Build Order
Export as new Build Order

Zlayer Terran - Winner!

Build Orders:  

Get SALT Encoding   

  8  0:01  SCV  
  9  0:15  SCV  
  10  0:27  SCV  
  11  0:32  Supply Depot  
  11  0:39  SCV  
  12  0:51  SCV  
  13  1:03  SCV  
  14  1:12  Barracks  
  14  1:15  SCV  
  15  1:27  SCV  
  16  1:36  Refinery  
  17  1:40  SCV  
  17  1:52  SCV  
  18  2:02  Command Center  
  18  2:04  SCV  
  19  2:11  Marine  
  20  2:16  SCV, Supply Depot  
  21  2:33  Barracks Reactor  
  21  2:38  SCV  
  21  2:43  Command Center  
  22  2:49  Barracks  
  22  3:06  Orbital Command  
  22  3:14  Marine x2  
  22  3:19  Supply Depot  
  24  3:29  Orbital Command  
  24  3:31  Marine  
  24  3:32  Marine  
  26  3:38  Refinery, SCV  
  27  3:42  Barracks Tech Lab  
  27  3:52  Barracks, SCV  
  28  4:02  Marine x2  
  29  4:04  Marine  
  29  4:07  SCV  
  32  4:10  SCV  
  32  4:14  Stimpack  
  33  4:21  Orbital Command  
  33  4:22  SCV, Marine  
  35  4:26  Marine  
  35  4:27  Marine  
  35  4:29  SCV  
  38  4:34  SCV  
  39  4:41  SCV  
  40  4:45  Barracks Tech Lab  
  40  4:46  SCV  
  40  4:48  Marine, Supply Depot  
  40  4:49  Marine  
  40  4:50  Marine  
  44  4:53  SCV  
  44  4:58  SCV x2  
  47  5:03  Marine  
  47  5:05  Marine, SCV  
  50  5:07  Marine x2  
  50  5:10  SCV x2  
  53  5:21  Marine  
  53  5:23  Marine  
  53  5:25  Marine x2  
  57  5:37  Engineering Bay  
  57  5:39  Marine, Engineering Bay  
  57  5:41  Marine  
  59  5:43  Marine x2  
  59  5:44  SCV  
  59  5:46  SCV x2  
  64  5:53  Refinery  
  64  5:56  SCV  
  65  5:57  Marine, Factory  
  65  5:58  SCV x2  
  65  5:59  Marine  
  65  6:00  Engineering Bay  
  65  6:01  Marine x2  
  71  6:18  Missile Turret  
  71  6:19  Missile Turret  
  71  6:25  Supply Depot x2  
  71  6:26  Supply Depot, Terran Infantry Weapons Level 1  
  71  6:29  Combat Shield  
  71  6:31  Concussive Shells  
  71  6:43  Missile Turret  
  71  6:46  Marine x4  
  71  6:47  SCV x3  
  71  6:49  Supply Depot  
  71  6:50  Terran Infantry Armor Level 1  
  71  6:52  Armory, Factory Reactor  
  78  6:59  SCV x3  
  78  7:00  Starport  
  81  7:04  Marine x3  
  81  7:05  Marauder  
  86  7:11  SCV x3  
  89  7:22  Marine x3  
  92  7:23  SCV  
  92  7:26  Marine, Barracks  
  92  7:27  Barracks x2  
  92  7:29  SCV  
  95  7:34  Refinery, Supply Depot  
  95  7:35  SCV  
  96  7:40  Marine x3  
  96  7:41  Supply Depot  
  96  7:44  Marine  
  100  7:46  Medivac  
  100  7:47  SCV  
  103  7:52  Refinery  
  103  7:55  Barracks  
  103  7:56  Medivac  
  103  7:58  Marine x3  
  108  8:01  Marine  
  108  8:05  Factory Tech Lab  
  109  8:11  Supply Depot  
  109  8:15  Supply Depot x2  
  109  8:16  Marine x3, Medivac  
  109  8:19  Barracks Reactor x3, Marine  
  115  8:27  Medivac  
  115  8:29  SCV  
  115  8:33  Terran Infantry Weapons Level 2, Marine x3  
  121  8:37  Marine  
  123  8:41  SCV  
  123  8:43  Supply Depot  
  123  8:44  Supply Depot  
  123  8:46  Medivac, Barracks Reactor  
  125  8:51  Marine x3  
  125  8:55  Marine  
  129  8:57  Medivac  
  131  9:03  Marine x3  
  131  9:04  Marine x2  
  131  9:05  Marine  
  131  9:08  Supply Depot  
  131  9:09  Marine x3  
  140  9:11  Command Center  
  140  9:13  Marine, Supply Depot  
  141  9:20  SCV  
  141  9:21  SCV x2, Marine x4  
  148  9:27  Marine  
  148  9:28  Marine  
  148  9:29  Marine x5  
  155  9:33  SCV x2  
  155  9:36  Missile Turret  
  157  9:39  Missile Turret  
  157  9:41  Supply Depot  
  157  9:42  Supply Depot  
  157  9:44  Marine x4  
  161  9:48  Medivac  
  163  9:59  Marine x6  
  167  10:00  Marine x2  
  171  10:21  Marine x3  
  171  10:22  Marine x3  
  165  10:45  Marine x4  
  165  10:46  Marine x6  
  165  10:47  Marine x2  
Show
View Real Time Build Order
Export as new Build Order

Deny Terran - Winner!

Build Orders: Command Center First 

Get SALT Encoding   

  8  0:00  SCV  
  9  0:12  SCV  
  10  0:24  SCV  
  11  0:30  Supply Depot  
  11  0:37  SCV  
  12  0:49  SCV  
  13  1:01  SCV  
  14  1:17  SCV  
  15  1:26  Command Center  
  15  1:29  SCV  
  16  1:36  Barracks  
  16  1:41  SCV  
  17  1:53  SCV  
  18  1:55  Refinery  
  18  1:57  Refinery  
  18  2:05  SCV  
  19  2:17  SCV  
  20  2:30  Orbital Command  
  20  2:37  Orbital Command  
  20  2:55  SCV  
  20  2:57  Factory  
  20  3:05  SCV  
  21  3:07  Barracks Reactor, SCV  
  22  3:17  SCV  
  24  3:20  SCV  
  24  3:29  SCV  
  24  3:32  SCV  
  26  3:41  SCV  
  26  3:44  SCV  
  26  3:46  Starport  
  28  3:50  Starport  
  28  3:53  Refinery, SCV  
  28  3:54  Refinery  
  29  3:56  SCV  
  30  4:04  Supply Depot  
  30  4:05  SCV  
  30  4:08  SCV  
  32  4:18  SCV  
  32  4:20  SCV  
  34  4:26  Fusion Core  
  34  4:27  Starport Tech Lab x2  
  34  4:30  SCV  
  35  4:37  SCV  
  36  4:42  SCV  
  37  4:48  Supply Depot  
  37  4:49  SCV  
  37  4:50  Supply Depot  
  37  4:51  Supply Depot  
  38  4:54  SCV  
  39  5:01  SCV  
  39  5:06  SCV  
  41  5:13  Weapon Refit, SCV  
  42  5:18  Battlecruiser, SCV  
  49  5:21  Command Center  
  49  5:25  SCV  
  49  5:27  Battlecruiser  
  56  5:44  SCV x2  
  58  5:53  Supply Depot  
  58  5:55  Supply Depot  
  58  5:56  Armory  
  58  5:59  Armory  
  58  6:12  SCV x2  
  60  6:22  Battlecruiser  
  60  6:24  SCV x2  
  68  6:43  Battlecruiser  
  68  6:45  Orbital Command  
  68  6:46  Supply Depot, SCV  
  76  6:47  SCV  
  76  6:49  Terran Vehicle And Ship Armor Level 1, Terran Ship Weapons Level 1  
  76  6:59  SCV x2  
  78  7:26  Battlecruiser  
  84  7:34  SCV  
  84  7:35  SCV x2  
  87  7:39  Orbital Command  
  87  7:46  SCV  
  87  7:47  SCV, Battlecruiser  
  89  8:05  Supply Depot  
  89  8:07  Command Center  
  89  8:09  Command Center  
  89  8:16  Starport  
  89  8:19  SCV  
  91  8:20  SCV x2  
  91  8:28  Supply Depot  
  91  8:30  Refinery  
  91  8:31  Battlecruiser  
  91  8:32  SCV, Refinery  
  98  8:37  Starport  
  98  8:38  SCV x2  
  100  8:41  Engineering Bay  
  100  8:52  Supply Depot  
  100  9:00  SCV x3  
  103  9:12  SCV  
  103  9:15  Supply Depot  
  104  9:22  Orbital Command x2  
  104  9:39  Supply Depot  
  104  9:47  Battlecruiser x2  
  116  9:53  Command Center  
  116  10:19  Starport Tech Lab x2  
  116  10:35  Supply Depot x2  
  116  10:36  Supply Depot  
  116  10:37  Supply Depot  
  116  10:39  Refinery  
  116  10:41  Refinery  
Show
View Real Time Build Order
Export as new Build Order

TheJoker Zerg 

Build Orders: Hatch First 

Get SALT Encoding   

  8  0:09  Drone  
  9  0:15  Drone  
  10  0:27  Drone x2  
  12  0:36  Overlord  
  12  1:04  Hatchery  
  11  1:18  Drone x3  
  14  1:22  Extractor  
  13  1:43  Spawning Pool  
  12  1:53  Drone  
  12  1:54  Drone  
  14  2:00  Overlord  
  14  2:11  Drone  
  15  2:16  Drone  
  15  2:17  Drone  
  17  2:27  Drone x2  
  19  2:39  Metabolic Boost  
  19  2:40  Drone  
  20  2:56  Spore Crawler  
  20  2:57  Drone x4  
  23  3:05  Spore Crawler  
  23  3:08  Drone  
  23  3:29  Drone  
  23  3:30  Drone x5  
  29  3:42  Roach Warren  
  28  3:55  Drone x2, Extractor  
  28  3:56  Drone x2  
  31  4:03  Lair  
  31  4:25  Overlord  
  31  4:30  Overlord  
  31  4:32  Queen  
  28  4:39  Roach x2  
  28  4:40  Roach  
  23  4:49  Roach x3  
  23  4:51  Drone  
  30  4:58  Drone  
  31  5:07  Drone x2  
  31  5:12  Drone  
  34  5:21  Glial Reconstitution  
  32  5:41  Roach x4  
  40  5:58  Roach x2  
  44  6:26  Drone x4  
  44  6:30  Overlord x3  
  48  6:48  Spore Crawler  
  48  6:50  Spore Crawler  
  48  6:57  Ravager x3  
  48  6:58  Ravager  
  50  7:03  Drone  
  50  7:04  Drone x5  
  54  7:30  Lair  
  54  7:39  Ravager  
  54  7:41  Ravager  
  54  7:44  Hatchery  
  55  7:48  Overlord  
  55  8:04  Drone x5  
  60  8:11  Evolution Chamber  
  59  8:30  Drone x2  
  62  8:41  Drone x4  
  65  8:54  Drone  
  66  8:58  Hatchery  
  66  9:00  Drone x2, Spire  
  66  9:06  Drone  
  67  9:12  Spore Crawler  
  67  9:15  Spore Crawler  
  67  9:17  Drone x2  
  67  9:19  Drone  
  67  9:21  Spore Crawler  
  67  9:34  Drone x4  
  71  9:41  Ravager  
  72  9:59  Overlord x2  
  72  10:00  Extractor x2, Queen  
  72  10:01  Overlord x2  
  72  10:08  Overlord  
  72  10:10  Overseer  
  61  10:40  Mutalisk x2  
  61  10:42  Zergling x6  
Show
View Real Time Build Order
Export as new Build Order

MaSteR Terran 

Build Orders:  

Get SALT Encoding   

  8  0:00  SCV  
  9  0:12  SCV  
  10  0:24  SCV  
  11  0:32  Supply Depot  
  11  0:37  SCV  
  12  0:49  SCV  
  13  1:01  SCV  
  14  1:12  Command Center  
  14  1:15  SCV  
  15  1:27  SCV  
  16  1:35  Barracks  
  16  1:39  SCV  
  17  1:43  Refinery  
  17  1:51  SCV  
  18  2:04  SCV  
  19  2:16  SCV  
  20  2:23  Orbital Command  
  20  2:24  Marine  
  20  2:28  Orbital Command  
  21  2:49  Marine  
  22  2:51  Command Center  
  22  2:52  SCV  
  22  2:55  SCV  
  24  3:03  Factory  
  24  3:04  SCV  
  25  3:09  SCV  
  26  3:13  Marine  
  26  3:16  SCV  
  28  3:20  Refinery  
  28  3:21  SCV  
  29  3:28  SCV  
  29  3:31  Marine  
  29  3:33  SCV  
  32  3:39  Engineering Bay  
  32  3:40  SCV  
  33  3:45  SCV  
  33  3:47  Supply Depot  
  34  3:49  Supply Depot  
  34  3:59  Barracks Reactor  
  34  4:03  SCV x2, Hellion  
  34  4:05  Orbital Command  
  38  4:13  Refinery  
  38  4:15  SCV x2  
  40  4:19  Barracks  
  40  4:22  Barracks  
  40  4:25  Hellion  
  40  4:27  SCV x2  
  40  4:30  SCV  
  45  4:34  Missile Turret  
  45  4:39  SCV x2  
  45  4:42  SCV  
  48  4:45  Engineering Bay, Starport  
  48  4:46  Terran Infantry Weapons Level 1  
  48  4:50  Hellion  
  48  4:51  Marine, SCV x2  
  53  5:03  Marine  
  52  5:09  Marine, SCV x3  
  52  5:11  Barracks Tech Lab x2  
  52  5:14  Hellion  
  54  5:21  Marine  
  54  5:24  Missile Turret x2  
  52  5:28  Marine x2  
  52  5:29  Marine  
  52  5:30  Viking  
  52  5:31  Stimpack, Combat Shield  
  56  5:39  Marine  
  56  5:45  Missile Turret  
  56  5:46  SCV x3  
  56  5:48  Missile Turret  
  56  5:49  Terran Infantry Armor Level 1  
  59  5:53  Supply Depot  
  59  5:56  Marine x2  
  61  5:58  SCV x2  
  63  6:11  SCV  
  63  6:14  Marine x4  
  67  6:22  Missile Turret  
  67  6:32  Marine x4  
  70  6:34  Viking  
  72  6:45  Starport  
  72  6:50  Marine  
  67  6:55  Marine x2  
  67  6:56  Marine  
  67  6:59  Widow Mine  
  69  7:08  Marine  
  67  7:12  Viking  
  67  7:13  Marine x3  
  69  7:21  SCV x3  
  72  7:25  Missile Turret, Marine  
  72  7:27  Command Center  
  72  7:29  Refinery  
  73  7:30  Armory  
  73  7:31  Marine x3  
  73  7:33  SCV x2  
  78  7:38  Factory Tech Lab  
  78  7:40  Supply Depot  
  78  7:43  Marine  
  79  7:49  Marine x3  
  82  7:59  Viking, Medivac  
  82  8:00  Orbital Command  
  82  8:01  Marine  
  82  8:03  Widow Mine  
  82  8:04  Supply Depot  
  89  8:07  Marine x3  
  89  8:09  SCV x2  
  94  8:15  Supply Depot  
  94  8:16  Supply Depot  
  94  8:17  Supply Depot  
  94  8:19  Terran Infantry Weapons Level 2  
  94  8:21  SCV  
  94  8:26  SCV x2, Siege Tank  
  100  8:29  Medivac  
  100  8:33  Barracks, SCV  
  100  8:34  Barracks  
  103  8:36  Terran Ship Weapons Level 1  
  103  8:38  SCV x2  
  103  8:39  Starport  
  105  8:43  Medivac  
  105  8:44  Marine x2  
  105  8:45  Marine x2, SCV  
  112  8:50  SCV x2  
  112  8:54  Sensor Tower  
  114  8:55  Orbital Command  
  114  8:57  SCV  
  114  8:59  Viking  
  114  9:00  Missile Turret  
  114  9:02  SCV x2  
  119  9:04  Marine x2, Marauder  
  119  9:05  Marauder  
  126  9:10  SCV  
  126  9:20  Barracks  
  126  9:22  Missile Turret x2, Barracks, Marine x2  
  128  9:25  Barracks  
  128  9:26  Marine, Marauder  
  128  9:28  Viking x2  
  128  9:29  Medivac, Factory  
  137  9:40  Marine x2  
  137  9:44  Marine  
  137  9:45  Supply Depot  
  140  9:46  Supply Depot  
  140  9:47  Marine  
  140  9:49  Widow Mine  
  135  9:58  Marine x2, Medivac  
  139  10:01  Marine  
  139  10:06  Marine, Viking  
  143  10:08  Supply Depot  
  143  10:09  Supply Depot  
  143  10:10  Widow Mine  
  143  10:12  Barracks Reactor x4  
  137  10:15  Marine  
  137  10:16  Marine  
  137  10:18  Supply Depot  
  137  10:20  Supply Depot, Marine  
  140  10:24  Marine  
  141  10:30  Supply Depot  
  141  10:33  Marine x2  
  139  10:38  Marauder  
  139  10:42  Marauder  
  111  10:53  Supply Depot  
Show
View Real Time Build Order
Export as new Build Order

DragonQuest Protoss 

Build Orders: Oracle Opening 

Get SALT Encoding   

  8  0:00  Probe (Chrono Boost)  
  9  0:13  Probe (Chrono Boost)  
  11  0:21  Probe (Chrono Boost)  
  11  0:27  Probe  
  12  0:36  Pylon  
  12  0:39  Probe  
  13  0:54  Probe  
  13  0:55  Assimilator  
  14  0:59  Assimilator  
  14  1:06  Probe  
  15  1:15  Gateway  
  15  1:19  Probe (Chrono Boost)  
  16  1:29  Probe (Chrono Boost)  
  17  1:34  Probe (Chrono Boost)  
  17  1:39  Pylon  
  18  1:45  Probe  
  19  1:57  Probe  
  20  2:05  Cybernetics Core  
  20  2:10  Probe  
  21  2:22  Probe  
  22  2:34  Probe  
  23  2:44  Nexus  
  23  2:57  Stargate  
  23  3:07  Stargate  
  23  3:14  Pylon  
  23  3:16  Probe  
  24  3:28  Probe  
  25  3:40  Probe  
  29  3:48  Oracle x2 (Chrono Boost)  
  29  3:52  Probe (Chrono Boost)  
  33  3:57  Probe (Chrono Boost)  
  33  4:01  Pylon  
  36  4:10  Probe (Chrono Boost)  
  36  4:13  Probe (Chrono Boost)  
  36  4:15  Probe (Chrono Boost)  
  37  4:21  Probe  
  37  4:24  Phoenix (Chrono Boost)  
  42  4:26  Probe  
  42  4:29  Phoenix (Chrono Boost)  
  43  4:35  Shield Battery  
  42  4:42  Forge  
  30  5:02  Phoenix  
  30  5:05  Probe  
  33  5:17  Probe  
  34  5:29  Probe  
  30  6:00  Probe x2  
  32  6:12  Probe x2  
  34  6:24  Probe x2  
  36  6:38  Void Ray  
  40  6:43  Assimilator  
  40  6:51  Phoenix  
  42  7:01  Probe x2  
  32  7:18  Void Ray  
  36  7:26  Probe  
  36  7:27  Probe  
  38  7:32  Assimilator  
  38  7:35  Void Ray  
  42  7:39  Probe  
  43  7:51  Probe  
  42  7:58  Probe (Chrono Boost)  
  44  8:06  Probe (Chrono Boost), Pylon  
  44  8:10  Probe (Chrono Boost)  
  45  8:18  Probe (Chrono Boost)  
  45  8:19  Probe (Chrono Boost)  
  47  8:23  Fleet Beacon  
  47  8:24  Probe  
  48  8:27  Probe  
  48  8:46  Void Ray  
  49  8:51  Pylon, Probe (Chrono Boost)  
  50  9:01  Probe (Chrono Boost)  
  52  9:03  Probe (Chrono Boost)  
  52  9:06  Probe (Chrono Boost)  
  49  9:17  Nexus  
  49  9:20  Photon Cannon  
  49  9:23  Shield Battery  
  41  9:40  Void Ray  
  41  9:41  Flux Vanes  
  37  10:05  Probe  
Show
View Real Time Build Order
Export as new Build Order

Toasted Protoss 

Build Orders:  

Get SALT Encoding   

  8  0:00  Probe  
  9  0:12  Probe  
  10  0:23  Pylon  
  10  0:29  Probe  
  11  0:41  Probe  
  12  0:53  Gateway  
  12  1:02  Assimilator  
  12  1:05  Probe (Chrono Boost)  
  13  1:15  Probe (Chrono Boost)  
  14  1:22  Probe (Chrono Boost)  
  16  1:34  Probe (Chrono Boost)  
  16  1:38  Probe (Chrono Boost)  
  17  1:48  Probe  
  18  2:04  Nexus  
  18  2:07  Probe  
  19  2:20  Cybernetics Core  
  19  2:30  Assimilator  
  19  2:37  Pylon  
  19  2:38  Probe  
  20  2:54  Probe (Chrono Boost)  
  20  2:57  Stalker  
  23  2:58  Warp Gate  
  23  3:06  Probe (Chrono Boost)  
  23  3:11  Stargate  
  24  3:17  Forge  
  24  3:19  Probe  
  25  3:24  Probe (Chrono Boost)  
  26  3:31  Probe (Chrono Boost)  
  26  3:40  Probe x2 (Chrono Boost)  
  28  3:42  Stalker  
  28  3:45  Protoss Ground Weapons Level 1 (Chrono Boost)  
  28  3:47  Probe  
  31  3:50  Twilight Council  
  31  3:54  Probe  
  32  3:59  Probe  
  33  4:06  Probe  
  34  4:11  Probe  
  34  4:12  Photon Cannon  
  35  4:18  Pylon  
  35  4:22  Stalker  
  35  4:23  Blink (Chrono Boost)  
  37  4:32  Probe  
  37  4:33  Probe  
  39  4:44  Probe  
  39  4:45  Probe  
  41  4:49  Photon Cannon  
  41  4:52  Stalker  
  41  5:13  Probe x2  
  41  5:25  Probe x2  
  41  5:28  Assimilator  
  43  5:31  Pylon  
  41  5:37  Probe, Stalker (Chrono Boost)  
  41  5:40  Gateway  
  41  5:41  Protoss Ground Weapons Level 2 (Chrono Boost)  
  41  5:52  Stalker (Chrono Boost)  
  43  5:59  Probe  
  39  6:11  Probe  
  39  6:18  Probe  
  37  6:34  Gateway  
  37  6:35  Gateway  
  37  6:39  Probe  
  38  6:42  Stalker, Gateway  
  39  6:47  Gateway  
  39  6:51  Probe  
  39  6:52  Gateway  
  40  6:56  Stalker  
  42  7:13  Stalker  
  44  7:21  Stalker  
  44  7:40  Pylon, Assimilator  
  44  7:45  Probe  
  44  7:49  Probe  
  46  7:53  Pylon  
  46  7:57  Pylon  
  46  7:58  Probe  
  47  7:59  Stalker x5  
  47  8:00  Stalker x2  
  61  8:05  Probe  
  61  8:06  Pylon  
  61  8:08  Protoss Ground Weapons Level 3 (Chrono Boost)  
  61  8:09  Photon Cannon  
  62  8:13  Pylon  
  62  8:17  Forge  
  62  8:20  Nexus  
  62  8:22  Assimilator  
  62  8:25  Probe, Assimilator  
  62  8:26  Probe  
  64  8:29  Pylon  
  64  8:32  Pylon  
  64  8:35  Stalker  
  64  8:37  Probe  
  64  8:38  Probe  
  68  8:42  Stalker x2  
  68  8:47  Protoss Ground Armor Level 1 (Chrono Boost)  
  72  8:50  Photon Cannon  
  72  8:54  Probe  
  73  8:56  Probe  
  74  9:06  Probe  
  74  9:07  Photon Cannon  
  74  9:08  Probe  
  76  9:12  Photon Cannon  
  76  9:18  Probe  
  76  9:19  Stalker  
  79  9:31  Stalker x2  
  79  9:32  Stalker  
  83  9:47  Probe x3  
  86  9:59  Probe x3  
  85  10:01  Gateway  
  85  10:04  Gateway  
  85  10:06  Photon Cannon  
  85  10:09  Photon Cannon  
  85  10:11  Probe  
  85  10:12  Photon Cannon, Pylon  
  76  10:42  Stalker x3  
  80  10:43  Stalker x4  
Tags
 
Add a new tag
Caveats
  • Supply blocks, unpowered buildings, or Contaminate may cause inaccurate times.
  • Supply counts are checked every 10 seconds.